 Dungeon Crawl Stone Soup version 0.29.1-1-gd02db6906a (webtiles) character file.

Game seed: 13156327820419042640

138 Tsarbomb the Grave Robber (level 5, -6/28 HPs)
             Began as a Deep Elf Necromancer on Sept 15, 2022.
             Killed from afar by an orc wizard (9 damage)
             ... with a magic dart
             ... on level 3 of the Dungeon.
             The game lasted 00:12:47 (3115 turns).

Tsarbomb the Grave Robber (Deep Elf Necromancer)    Turns: 3115, Time: 00:12:48

Health: -6/28      AC:  3    Str:  5    XL:     5   Next: 1%
Magic:  8/11       EV: 12    Int: 22    God:
Gold:   204        SH:  0    Dex: 15    Spells: 2/10 levels left

rFire   . . .      SeeInvis .   q - +1 whip (elec)
rCold   . . .      Faith    .   (no shield)
rNeg    . . .      Spirit   .   a - +0 robe
rPois   .          Reflect  .   m - +1 hat
rElec   .          Harm     .   (no cloak)
rCorr   .          Rampage  .   (no gloves)
Will    .....                   (no boots)
Stlth   ++........              (no amulet)
HPRegen 0.09/turn               (no ring)
MPRegen 0.12/turn               (no ring)

@: no status effects
A: no striking features
a: no special abilities


You were on level 3 of the Dungeon.
You visited 1 branch of the dungeon, and saw 3 of its levels.

You collected 204 gold pieces.

Inventory:

Hand Weapons
 d - a +0 whip
 e - a +0 short sword
 g - a +0 dagger
 q - a +1 whip of electrocution (weapon)
Armour
 a - a +0 robe (worn)
 m - a +1 hat (worn)
Scrolls
 c - 2 scrolls of magic mapping {unknown}
 h - 2 scrolls of identify {unknown}
 i - a scroll of teleportation {unknown}
 n - a scroll of butterflies {unknown}
 o - a scroll of enchant weapon {unknown}
 p - a scroll of enchant armour {unknown}
 r - a scroll of amnesia {unknown}
 t - a scroll of silence {unknown}
Potions
 b - a potion of magic
 f - 2 potions of flight {unknown}
 j - 2 potions of resistance {unknown}
 k - a potion of cancellation {unknown}
 l - a potion of berserk rage {unknown}
 s - a potion of lignification {unknown}


   Skills:
 * Level 1.8 Short Blades
 - Level 2.4 Dodging
 - Level 2.4 Stealth
 - Level 3.0 Spellcasting
 + Level 7.2 Necromancy


You had 2 spell levels left.
You knew the following spells:

 Your Spells              Type           Power      Damage    Failure   Level
a - Necrotise             Necr           100%       1d9       1%          1
b - Vampiric Draining     Necr           35%        2d8       1%          3
c - Animate Dead          Necr           35%        N/A       6%          4

Your spell library contained the following spells:

 Spells                   Type           Power      Damage    Failure   Level
 Magic Dart               Conj           12%        1d3       12%         1
 Call Imp                 Summ           3%         N/A       19%         2
 Agony                    Necr           35%        N/A       19%         5
 Mephitic Cloud           Conj/Pois/Air  3%         N/A       36%         3
 Dispersal                Tloc           1%         N/A       100%        6
 Disjunction              Tloc           1%         N/A       100%        8


Dungeon Overview and Level Annotations

Branches:
Dungeon (3/15)

Altars:

Annotations:
D:3 exclusion: orc priest


Message History

Confirm with . or Enter, or press ? or * to list all spells.
You can't see any susceptible monsters within range! (Use Z to cast anyway.)
The orc shouts!
An orc wizard comes into view. It is wielding a +0 dagger.
An orc comes into view. It is wielding a +0 dagger.
Casting: Necrotise (safe; 1% risk of failure)
Confirm with . or Enter, or press ? or * to list all spells.
Aiming: Necrotise (safe; 1% risk of failure)
Press: ? - help, Shift-Dir - straight line, f - orc
Aim: an orc, wielding a +0 flail (chance to affect: 93%)
The orc writhes in agony!
You kill the orc!
The orc wizard shouts!
The dead are walking!
You have reached level 5!
Your orc skeleton hits the orc wizard.
The orc wizard hits your orc skeleton with a +0 dagger.
Your orc skeleton hits the orc wizard but does no damage.
The orc wizard hits your orc skeleton with a +0 dagger.
The orc priest calls down the wrath of Beogh upon you.
Beogh smites you!
Your orc skeleton closely misses the orc wizard.
The orc wizard hits your orc skeleton with a +0 dagger.
Your orc skeleton is destroyed!
The orc wizard casts a spell.
The orc wizard flickers and vanishes!
Deactivating autopickup; reactivate with Ctrl-A.
Casting: Necrotise (safe; 1% risk of failure)
Confirm with . or Enter, or press ? or * to list all spells.
Aiming: Necrotise (safe; 1% risk of failure)
Press: ? - help, Shift-Dir - straight line, f - orc wizard
Aim: an orc wizard, wielding a +0 dagger and wearing a +0 robe (lightly wounded, chance to affect: 83%)
The orc wizard writhes in agony.
The orc priest calls down the wrath of Beogh upon you.
Beogh smites you!
Ouch! That really hurt!
* * * LOW HITPOINT WARNING * * *
The orc wizard casts a spell at you. The magic dart hits you!
You die...

........⌠.......>.#
#...........##....#
#...........##....#
#.....###...##....#
#.....# ######....#
#.....##########.##
####.......>.....#
# #.####.######.#
#♣# ♣.# #@# ..# #.#
#♣## #.# #.# #.#
#.# #o# #.#
#######{# #.#
#.....oo# #.#
#.#####.#


You could see an orc priest, an orc wizard and an orc.

Vanquished Creatures
  Robin (D:3)
  3 adders
  5 worms (D:2)
  A dart slug (D:2)
  8 orcs
  7 ball pythons
  2 bats (D:2)
  3 endoplasms
  2 giant cockroaches (D:2)
  10 goblins
  7 hobgoblins
  4 jackals (D:3)
  A quokka (D:2)
  3 frilled lizards
  10 kobolds
  A rat (D:1)
68 creatures vanquished.

Vanquished Creatures (collateral kills)
  2 bats
  A frilled lizard (D:1)
3 creatures vanquished.

Vanquished Creatures (others)
  31 plants
31 creatures vanquished.

Grand Total: 102 creatures vanquished

Notes
Turn   | Place    | Note
-------+----------+-------------------------------------------
     0 | D:1      | Tsarbomb the Deep Elf Necromancer began the quest for the
                  | Orb.
     0 | D:1      | Reached XP level 1. HP: 10/10 MP: 6/6
   153 | D:1      | Found a faded altar of an unknown god.
   174 | D:1      | Reached skill level 5 in Necromancy
   564 | D:1      | Reached XP level 2. HP: 15/15 MP: 5/8
  1004 | D:2      | Reached skill level 1 in Short Blades
  1233 | D:2      | Reached XP level 3. HP: 13/19 MP: 1/9
  1237 | D:2      | Learned a level 3 spell: Vampiric Draining
  1489 | D:2      | Reached skill level 6 in Necromancy
  2061 | D:2      | Reached XP level 4. HP: 24/24 MP: 7/10
  2357 | D:3      | Learned a level 4 spell: Animate Dead
  2918 | D:3      | Reached skill level 7 in Necromancy
  2919 | D:3      | Noticed Robin
  2934 | D:3      | Killed Robin
  3111 | D:3      | Reached XP level 5. HP: 28/28 MP: 9/11
  3115 | D:3      | Killed from afar by an orc wizard

Illustrated notes

Levels and vault maps discovered:
D:1:      elethiomel_arrival_shortcut, layout_loops_ring,
          dreamdust_ecumenical_altar_grove, lexackson_kobold_supper
D:2:      layout_basic, serial_bayou_lagoon_a, minmay_hedge_maze,
          minmay_misc_feat_enclosed, minivault_26, uniq_crazy_yiuf_cottage
D:3:      layout_basic, nicolae_sif_muna_condensation, serial_forest,
          infiniplex_forest_clump_small, infiniplex_forest_corner_1,
          infiniplex_forest_clump_curved, infiniplex_forest_lined_3,
          infiniplex_forest_clump_medium, amethyst_killhole, solitary_fountain,
          uniq_natasha, uniq_robin

Skill      XL: |  1  2  3  4 |
---------------+-------------+-----
Necromancy     | 5 6 7 |  7.2
Short Blades   | 1 |  1.8
Dodging        | |  2.4
Stealth        | |  2.4
Spellcasting   | |  3.0

Action                   |  1- 3 |  4- 6 || total
-------------------------+-------+-------++-------
Melee: Dagger            |    16 |       ||    16
       Whip              |       |    20 ||    20
       Punch             |       |     2 ||     2
 Cast: Necrotise         |    73 |    49 ||   122
       Vampiric Draining |     1 |     1 ||     2
 Stab: Sleeping          |     1 |     1 ||     2
Armor: Robe              |     1 |     9 ||    10
Dodge: Dodged            |    14 |    12 ||    26
